Map: Thunderbird LE

Players

MCanning - Winner!

  • Race: Protoss Protoss
  • Spawn Location: 5:00

Semper

  • Race: Terran Terran
  • Spawn Location: 11:00

VOD

Have the link to the VOD?

Description

Time

  • Played on: Sept. 6, 2019, 3:58 p.m.
  • Length: 21:44
Show
View Real Time Build Order
Export as new Build Order

MCanning Protoss - Winner!

Build Orders: 1 Gate Expand, Colossus Rush 

Get SALT Encoding   

  12  0:01  Probe  
  13  0:13  Probe  
  14  0:17  Pylon  
  14  0:25  Probe  
  15  0:34  Probe  
  15  0:37  Gateway  
  15  0:42  Probe  
  16  0:47  Assimilator  
  17  0:51  Probe  
  18  1:03  Probe  
  19  1:15  Probe  
  20  1:27  Cybernetics Core, Probe  
  21  1:37  Nexus  
  22  1:40  Probe  
  22  1:47  Assimilator  
  22  1:51  Pylon  
  22  1:54  Probe  
  22  1:59  Adept  
  23  2:06  Warp Gate, Probe  
  23  2:14  Pylon, Probe  
  27  2:23  Probe  
  27  2:29  Sentry  
  30  2:35  Probe  
  31  2:45  Probe  
  31  2:47  Probe  
  31  2:49  Robotics Facility  
  33  2:54  Probe  
  34  2:59  Stalker  
  34  3:00  Probe  
  34  3:03  Probe  
  37  3:08  Probe  
  39  3:16  Probe x2  
  39  3:17  Gateway  
  40  3:26  Probe  
  41  3:28  Gateway, Probe  
  43  3:37  Observer  
  43  3:38  Probe  
  43  3:40  Probe  
  46  3:42  Robotics Bay  
  46  3:44  Assimilator  
  46  3:46  Assimilator  
  46  3:49  Pylon  
  46  3:50  Probe  
  46  3:52  Probe  
  46  3:53  Observer  
  46  3:55  Pylon  
  48  3:59  Shield Battery  
  49  4:05  Probe  
  49  4:09  Stalker  
  52  4:10  Probe  
  52  4:14  Stalker  
  55  4:17  Probe  
  55  4:19  Observer  
  55  4:22  Probe  
  58  4:25  Forge  
  58  4:29  Probe  
  59  4:34  Probe, Stalker  
  62  4:41  Probe  
  62  4:42  Colossus  
  63  4:47  Nexus  
  63  4:49  Pylon  
  63  4:50  Extended Thermal Lance  
  64  4:53  Probe  
  64  4:56  Observer  
  64  4:58  Pylon  
  70  5:08  Pylon, Protoss Ground Weapons Level 1  
  70  5:09  Probe  
  71  5:16  Shield Battery, Probe  
  71  5:20  Stalker  
  74  5:25  Gateway  
  74  5:28  Stalker  
  74  5:30  Stalker  
  74  5:31  Colossus  
  74  5:32  Probe  
  74  5:33  Probe  
  79  5:44  Probe  
  79  5:45  Probe  
  87  5:50  Gateway  
  87  5:52  Pylon  
  87  5:54  Sentry  
  89  5:57  Probe  
  89  6:03  Stalker x2  
  94  6:06  Probe  
  94  6:07  Probe  
  94  6:09  Probe  
  97  6:18  Twilight Council  
  97  6:19  Probe x2  
  97  6:22  Probe  
  97  6:24  Forge  
  97  6:25  Observer  
  100  6:31  Probe, Blink  
  98  6:33  Probe  
  98  6:35  Probe  
  98  6:36  Adept  
  98  6:39  Colossus  
  100  6:43  Gateway, Probe  
  100  6:44  Photon Cannon, Gateway  
  101  6:48  Protoss Ground Armor Level 1  
  107  6:54  Assimilator  
  107  7:03  Probe  
  107  7:04  Probe, Assimilator  
  109  7:10  Probe  
  109  7:14  Stalker x2  
  109  7:15  Stalker  
  116  7:17  Pylon  
  116  7:18  Probe  
  116  7:21  Pylon, Probe  
  117  7:29  Probe  
  116  7:31  Protoss Ground Weapons Level 2  
  116  7:32  Stalker x2  
  115  7:43  Probe  
  105  7:45  Stalker x2  
  105  7:49  Zealot x3  
  105  7:51  Probe  
  116  7:57  Probe  
  111  7:59  Probe  
  111  8:02  Pylon  
  111  8:03  Probe  
  111  8:04  Assimilator  
  111  8:08  Pylon  
  111  8:12  Stalker  
  113  8:15  Disruptor  
  116  8:35  Pylon, Nexus  
  116  8:36  Pylon, Charge  
  116  8:45  Protoss Ground Armor Level 2  
  116  8:47  Pylon, Disruptor  
  114  8:52  Stalker  
  114  8:53  Stalker x3  
  125  9:00  Stalker x3  
  130  9:18  Probe  
  130  9:19  Stalker x2  
  130  9:22  Shield Battery  
  130  9:23  Disruptor  
  138  9:27  Probe  
  139  9:35  Dark Shrine  
  139  9:36  Pylon  
  139  9:37  Gateway  
  139  9:40  Photon Cannon  
  139  9:44  Photon Cannon  
  139  9:46  Shield Battery  
  139  9:50  Probe  
  139  9:51  Disruptor  
  140  9:53  Stalker x3  
  140  9:57  Probe  
  150  10:02  Stalker x3  
  156  10:11  Protoss Ground Weapons Level 3  
  156  10:14  Robotics Facility  
  154  10:17  Zealot x4  
  154  10:19  Probe  
  157  10:24  Disruptor  
  149  10:36  Zealot x4  
  149  10:41  Probe  
  155  10:46  Probe  
  155  10:47  Probe, Protoss Ground Armor Level 3  
  147  10:58  Probe  
  147  11:00  Disruptor  
  151  11:04  Stalker  
  151  11:05  Stalker x3  
  151  11:07  Zealot  
  151  11:08  Zealot  
  163  11:13  Pylon  
  163  11:15  Pylon x2  
  163  11:17  Pylon  
  163  11:19  Stargate, Assimilator  
  163  11:21  Assimilator  
  163  11:23  Pylon  
  163  11:30  Pylon  
  163  11:31  Disruptor  
  166  11:36  Stalker x3  
  171  11:40  Disruptor  
  174  11:47  Probe x2  
  174  11:52  Zealot x4  
  184  11:56  Disruptor  
  180  12:05  Stalker x4  
  165  12:36  Zealot x2  
  146  12:37  Zealot x6  
  140  12:48  Nexus  
  140  12:51  Gateway  
  140  12:52  Fleet Beacon, Pylon  
  140  12:53  Stargate, Gateway  
  140  12:55  Stalker  
  125  13:07  Stalker x2  
  125  13:08  Stalker x3  
  125  13:09  Colossus x2  
  126  13:14  Zealot x2  
  126  13:25  Stalker  
  137  13:33  Stalker x3  
  137  13:34  Stalker  
  145  13:37  Dark Templar  
  147  13:43  Probe  
  148  13:52  Templar Archives  
  148  13:53  Tempest x2  
  148  13:54  Stalker x3  
  152  14:14  Observer, Stalker x3  
  152  14:15  Stalker  
  160  14:24  Sentry  
  163  14:28  Zealot x2  
  163  14:30  Stalker x3  
  173  14:36  Probe  
  174  14:38  Tempest, Assimilator  
  174  14:40  Assimilator  
  174  14:41  Dark Templar  
  176  14:48  Protoss Air Weapons Level 1  
  181  14:54  Warp Prism  
  179  15:01  Stalker x4  
  177  15:09  Probe  
  177  15:12  Probe  
  177  15:13  Tempest, Stalker  
  177  15:14  Stalker x2  
  181  15:19  Probe  
  184  15:23  Tempest  
  189  15:31  Psionic Storm  
  194  15:37  Probe  
  194  15:42  Probe  
  192  15:46  Probe  
  192  15:48  Photon Cannon  
  193  15:56  Probe  
  192  16:00  Probe  
  193  16:04  Zealot x3  
  193  16:11  Protoss Shields Level 1  
  183  16:16  Probe  
  183  16:17  High Templar x4  
  188  16:34  High Templar  
  188  16:35  Photon Cannon  
  188  16:36  Photon Cannon  
  188  16:37  Shield Battery  
  190  16:40  Oracle  
  190  16:41  Pylon  
  190  16:43  High Templar  
  190  16:45  High Templar  
  197  16:49  Nexus  
  197  16:51  Pylon  
  197  16:52  Protoss Air Weapons Level 2  
  197  16:54  Stargate, Probe  
  198  17:11  Zealot  
  196  17:18  Zealot x2  
  196  17:19  Zealot  
  198  17:24  Photon Cannon  
  198  17:25  Photon Cannon  
  198  17:26  Shield Battery  
  196  17:35  Stalker x2  
  193  17:39  Zealot  
  193  17:40  Zealot x5  
  194  17:55  Stalker x2  
  192  17:59  Probe  
  189  18:12  Oracle  
  186  18:23  Stalker x4  
  186  18:24  Stalker x3  
  186  18:26  Nexus  
  200  18:31  Pylon  
  200  18:32  High Templar  
  193  18:34  High Templar  
  193  18:36  Probe  
  196  18:42  Observer, Probe  
  198  18:50  Probe  
  197  19:03  Protoss Shields Level 2  
  197  19:09  Stalker  
  184  19:10  Stalker x6  
  184  19:11  Stalker x2  
  198  19:19  Probe  
  198  19:21  Probe  
  198  19:22  Assimilator  
  196  19:26  Assimilator  
  196  19:28  Pylon  
  190  19:40  Probe, Disruptor  
  190  19:43  Disruptor  
  171  19:46  Archon x2  
  171  19:48  Probe  
  171  19:51  Stalker x6  
  171  19:52  Stalker x3  
  174  20:00  Tempest x2  
  182  20:08  Colossus  
  172  20:18  Disruptor, Zealot x3  
  172  20:19  Zealot x7  
  190  20:31  Probe  
  190  20:34  Probe  
  190  20:38  Photon Cannon  
  190  20:41  Stalker x3  
  190  20:42  Stalker  
  198  20:44  Zealot  
  196  20:54  Disruptor  
  189  21:05  Zealot x6  
  189  21:06  Zealot x2  
  159  21:26  Stalker x2  
  159  21:27  Stalker x6  
  159  21:28  Stalker x2  
  177  21:36  Assimilator x2  
  177  21:39  Shield Battery  
  177  21:42  Photon Cannon  
Show
View Real Time Build Order
Export as new Build Order

Semper Terran 

Build Orders: Reaper Expand, Banshee Rush 

Get SALT Encoding   

  12  0:00  SCV  
  13  0:13  SCV  
  14  0:17  Supply Depot  
  14  0:25  SCV  
  15  0:38  SCV  
  15  0:40  Barracks  
  16  0:44  Refinery  
  16  0:50  SCV  
  17  1:02  SCV  
  18  1:15  SCV  
  19  1:28  Orbital Command, Reaper  
  20  1:42  Command Center  
  20  1:49  Supply Depot  
  20  1:53  SCV  
  21  2:01  Marine  
  21  2:05  SCV  
  23  2:10  Factory  
  23  2:15  Refinery  
  23  2:17  SCV  
  23  2:22  Barracks Reactor  
  24  2:29  SCV  
  25  2:42  SCV  
  26  2:55  Starport  
  26  2:57  Orbital Command, SCV  
  27  3:04  Marine x2  
  29  3:09  SCV  
  29  3:10  Factory Tech Lab  
  30  3:22  Marine x2, SCV  
  30  3:24  SCV  
  34  3:34  SCV  
  35  3:35  Bunker  
  35  3:36  SCV  
  35  3:38  Widow Mine  
  35  3:39  Banshee, Cloaking Field  
  41  3:43  Marine  
  41  3:44  Supply Depot, Marine  
  41  3:46  SCV  
  41  3:48  SCV  
  45  3:58  SCV  
  45  4:00  Factory Tech Lab  
  46  4:05  Marine x2  
  46  4:06  SCV  
  49  4:10  Supply Depot, SCV  
  50  4:18  Siege Tank, SCV  
  50  4:23  Barracks  
  54  4:24  Barracks  
  54  4:27  Engineering Bay  
  54  4:32  Banshee, SCV x2  
  59  4:42  Supply Depot  
  59  4:43  Supply Depot  
  59  4:44  SCV x2  
  60  4:47  Refinery  
  60  4:54  Terran Infantry Weapons Level 1  
  60  4:56  SCV x2  
  62  5:03  Marine x2  
  64  5:07  Supply Depot, Factory Reactor  
  64  5:08  SCV  
  64  5:09  SCV  
  64  5:12  Supply Depot x2  
  66  5:20  SCV  
  67  5:31  Stimpack  
  67  5:33  Combat Shield  
  67  5:38  Command Center  
  67  5:39  Marauder  
  67  5:40  SCV x2  
  71  5:44  Refinery  
  71  5:46  Marauder  
  71  5:48  Starport Reactor  
  73  5:53  SCV  
  73  5:56  SCV  
  75  5:58  Marine x2  
  75  5:59  Medivac  
  75  6:00  Medivac  
  81  6:06  Barracks  
  81  6:09  Marauder x2  
  85  6:11  SCV  
  85  6:12  SCV  
  85  6:16  Barracks  
  85  6:17  Marine x2  
  89  6:24  Supply Depot  
  89  6:25  Supply Depot  
  89  6:30  Marauder, Marine  
  89  6:31  SCV  
  93  6:35  Marine x2  
  93  6:36  Medivac x2  
  93  6:37  SCV  
  100  6:44  SCV  
  100  6:45  Factory Reactor  
  100  6:46  Starport  
  101  6:53  Refinery  
  101  6:55  Orbital Command  
  101  6:56  Marine  
  101  6:58  Refinery  
  104  7:01  SCV x2  
  104  7:02  Missile Turret  
  104  7:03  Barracks Reactor  
  104  7:04  Barracks Tech Lab  
  104  7:06  Terran Infantry Armor Level 1  
  104  7:11  Marine x2  
  104  7:12  Marauder  
  104  7:13  SCV x2  
  110  7:25  SCV x2  
  112  7:31  Marine x2  
  112  7:32  Marauder, Viking x2  
  113  7:46  Marauder x2, Marine  
  113  7:50  SCV  
  112  7:52  Viking x2  
  112  7:56  Marauder, Marine  
  112  7:57  Concussive Shells  
  114  8:00  SCV  
  114  8:04  Armory, SCV  
  114  8:05  Engineering Bay  
  112  8:07  Missile Turret x2  
  112  8:10  Missile Turret  
  112  8:11  SCV  
  112  8:12  SCV  
  114  8:14  Marauder x2, Marine x2  
  114  8:19  Supply Depot  
  120  8:22  Supply Depot  
  120  8:24  Medivac  
  120  8:25  Medivac  
  124  8:37  Marauder x3  
  124  8:40  Viking  
  132  8:43  Marine x2  
  134  8:50  Supply Depot x2  
  134  8:54  Missile Turret  
  134  8:56  Viking x2  
  134  8:57  Supply Depot  
  134  8:58  Marauder x2  
  134  9:01  Viking  
  144  9:06  Marauder, Marine  
  143  9:11  Medivac  
  143  9:13  Ghost Academy  
  143  9:14  Terran Infantry Weapons Level 2  
  145  9:17  Terran Infantry Armor Level 2  
  145  9:22  Marauder, Marine x2  
  149  9:26  Viking  
  149  9:29  Medivac  
  153  9:31  Viking  
  155  9:38  Command Center  
  155  9:41  Missile Turret  
  155  9:42  Medivac  
  157  9:46  Enhanced Shockwaves  
  157  9:48  Terran Ship Weapons Level 1  
  157  9:49  Ghost  
  159  9:58  Supply Depot x2  
  159  9:59  Viking  
  161  10:01  Ghost x2  
  161  10:03  Marine x3  
  164  10:26  Ghost  
  164  10:27  Marine x3  
  167  10:30  Marauder, Barracks  
  167  10:32  Barracks  
  157  10:35  Marine  
  157  10:36  Marauder  
  157  10:39  SCV x2  
  155  10:45  Marine x2  
  155  10:48  SCV  
  149  10:50  Marine  
  149  10:51  SCV  
  149  10:52  Marine  
  149  10:56  Marauder, Marine  
  148  10:58  Marauder, Medivac x3  
  148  11:02  SCV  
  148  11:03  Marine  
  157  11:04  Marine  
  157  11:10  Marauder  
  157  11:11  Liberator  
  160  11:13  Marine  
  160  11:14  Marine  
  160  11:16  SCV x3  
  160  11:17  Starport  
  160  11:18  Marauder, Fusion Core  
  167  11:19  Marauder, Supply Depot  
  167  11:22  Liberator  
  167  11:23  Planetary Fortress  
  169  11:28  Liberator  
  169  11:31  Barracks Tech Lab x2  
  172  11:33  Sensor Tower  
  177  11:47  Marauder, Marine x2  
  177  11:52  Marauder, Marine  
  174  12:04  Marine  
  174  12:05  Marauder x2, Marine x2  
  174  12:06  Starport Tech Lab  
  174  12:08  SCV x2  
  183  12:09  Marauder, SCV  
  183  12:10  Refinery x2  
  186  12:17  Marauder, Marine  
  186  12:22  Liberator  
  189  12:26  SCV  
  189  12:27  Liberator x3  
  189  12:29  Marine  
  180  12:30  Marauder, Marine  
  180  12:35  Marine  
  172  12:37  Marine  
  172  12:38  Marauder, Marine  
  172  12:42  Marauder  
  172  12:43  Marauder  
  181  12:47  Marine  
  181  12:48  Missile Turret  
  191  12:51  Liberator  
  191  12:54  Marine  
  191  12:55  Marauder, Marine  
  195  13:05  Liberator  
  179  13:07  Marine  
  179  13:10  Liberator  
  165  13:13  Marine  
  165  13:15  Marine x6  
  165  13:16  Marine  
  143  13:22  Advanced Ballistics  
  143  13:25  Marine  
  143  13:26  Liberator  
  141  13:28  Terran Infantry Weapons Level 3  
  141  13:30  SCV  
  141  13:31  Marine, SCV  
  141  13:32  SCV  
  141  13:33  Marine  
  141  13:34  Marauder  
  147  13:40  Marine  
  148  13:41  SCV  
  148  13:42  Sensor Tower  
  148  13:44  Marine x2  
  156  13:48  Marauder  
  156  13:50  Bunker  
  156  13:52  Liberator  
  156  13:53  Liberator  
  156  14:00  Command Center  
  155  14:10  Marine  
  155  14:11  Marauder  
  155  14:16  Medivac x2  
  168  14:18  Terran Ship Weapons Level 2  
  168  14:20  Liberator  
  168  14:26  Marauder x2, Missile Turret  
  168  14:28  Ghost  
  177  14:46  Command Center  
  177  14:48  Ghost  
  177  14:52  Marine  
  179  14:53  Marauder  
  179  14:58  Viking  
  168  15:10  Viking x3  
  168  15:14  Ghost  
  160  15:21  Ghost  
  160  15:22  Marine  
  160  15:24  Viking  
  165  15:31  Marauder, Marine  
  165  15:33  Viking  
  169  15:36  Ghost  
  169  15:37  Marine  
  172  15:44  Viking  
  169  15:58  Marine  
  169  16:00  Viking x2  
  169  16:01  Marine x5  
  169  16:02  Marauder  
  168  16:15  SCV x2, Missile Turret  
  168  16:17  Planetary Fortress  
  170  16:19  Marine x2  
  170  16:20  Marauder  
  170  16:25  Viking x2  
  178  16:27  SCV  
  178  16:31  Refinery  
  178  16:32  Refinery  
  179  16:39  Marine x2  
  182  16:40  Marauder  
  182  16:44  Viking x2  
  187  16:49  Sensor Tower  
  187  16:50  Marauder  
  188  16:54  SCV x2  
  188  16:58  Viking  
  188  17:01  Marauder x2, Marine  
  195  17:03  Missile Turret  
  195  17:04  Marine  
  190  17:17  Viking x3  
  190  17:18  Marine x2  
  190  17:19  Marauder  
  190  17:20  Marine  
  190  17:21  Marine  
  177  17:35  Marine  
  177  17:36  Marine x4  
  170  17:39  Marauder, Viking  
  170  17:41  SCV  
  170  17:43  Marine  
  172  17:47  Viking  
  172  17:48  Marine x2  
  170  17:54  Marauder, SCV x2  
  170  17:56  Marine  
  170  17:59  SCV x2  
  170  18:00  Marine  
  167  18:08  SCV  
  167  18:10  Viking x2  
  167  18:11  SCV  
  167  18:12  SCV  
  168  18:24  Marauder x3, Marine x3  
  168  18:25  Marauder  
  179  18:40  SCV  
  179  18:41  SCV  
  181  18:43  Sensor Tower  
  181  18:44  Marine  
  181  18:45  Ghost  
  181  18:46  Marauder x2  
  187  18:51  Marine x3  
  187  18:52  Marauder  
  190  18:58  Liberator x2  
  190  19:02  Marine  
  180  19:06  Marine  
  180  19:07  Marine  
  166  19:10  Marine x3  
  166  19:13  Ghost, SCV x2, Marine  
  177  19:20  Marine  
  177  19:23  Missile Turret  
  173  19:24  Ghost  
  173  19:25  Marauder  
  173  19:28  Marine x3  
  159  19:41  Marine x2  
  159  19:42  Ghost  
  159  19:43  Viking  
  151  19:45  Marine  
  151  19:46  Marine x3  
  134  19:53  Marine  
  134  19:59  Marine x2  
  134  20:02  SCV x2  
  134  20:03  Marine x3  
  134  20:04  Marine  
  140  20:10  Marine  
  140  20:11  Marauder  
  136  20:16  Marine  
  136  20:17  Marine  
  131  20:21  Marine x3  
  131  20:22  Marine  
  125  20:29  Marauder  
  125  20:33  Marauder  
  125  20:34  Marine  
  125  20:35  Marine  
  130  20:39  Marine x3  
  130  20:40  Marine  
  134  20:50  Marine  
  134  20:52  Marine x2  
  134  20:53  Marine  
  134  20:57  Marine x3  
  126  20:58  Marine  
  122  21:08  Marauder  
  122  21:10  Marine x2  
  97  21:11  Marine  
  97  21:14  Marine  
  97  21:15  Marine x2  
  97  21:16  Marine  
Tags
 
Add a new tag
Caveats
  • Supply blocks, unpowered buildings, or Contaminate may cause inaccurate times.
  • Supply counts are checked every 10 seconds.